Map: Deathaura LE

Players

Tefloon - Winner!

  • Race: Zerg Zerg
  • Spawn Location: 5:00

A.I. 1 (Very Hard)

  • Race: Protoss Protoss
  • Spawn Location: 11:00

VOD

Have the link to the VOD?

Description

Almost perfect - forgot Lair!!!

Time

  • Played on: July 19, 2020, 8:13 a.m.
  • Length: 11:02
Show
View Real Time Build Order
Export as new Build Order

Tefloon Zerg - Winner!

Build Orders: Hatch First, Roach Hydra 

Get SALT Encoding   

  12  0:01  Drone  
  13  0:12  Overlord  
  13  0:16  Drone  
  14  0:30  Drone x2  
  14  0:34  Drone  
  17  0:54  Hatchery  
  16  0:58  Extractor  
  16  0:59  Drone  
  16  1:01  Drone  
  17  1:17  Spawning Pool  
  16  1:19  Drone  
  16  1:25  Drone  
  18  1:34  Drone  
  19  1:40  Overlord  
  19  1:49  Drone  
  20  2:00  Drone  
  21  2:04  Metabolic Boost  
  21  2:05  Queen  
  23  2:10  Queen  
  23  2:15  Drone  
  26  2:17  Zergling x2  
  26  2:20  Zergling x2  
  28  2:24  Drone  
  28  2:27  Drone  
  30  2:32  Drone  
  31  2:39  Drone  
  31  2:42  Drone  
  33  2:44  Queen  
  33  2:48  Overlord  
  35  2:59  Overlord  
  35  3:06  Queen  
  37  3:16  Hatchery  
  36  3:21  Drone  
  36  3:22  Drone x2  
  36  3:25  Drone  
  36  3:26  Drone  
  41  3:28  Drone  
  41  3:31  Drone  
  43  3:39  Drone  
  43  3:40  Drone x3  
  47  3:42  Drone  
  48  3:49  Extractor  
  48  3:50  Extractor  
  48  3:51  Drone x2  
  48  3:59  Roach Warren  
  48  4:02  Drone  
  48  4:03  Drone x3  
  48  4:04  Evolution Chamber  
  50  4:12  Overlord x2  
  50  4:33  Drone x3  
  53  4:45  Drone  
  53  4:46  Drone x8  
  62  4:55  Zerg Missile Weapons Level 1  
  62  4:58  Lair  
  62  5:02  Drone  
  62  5:03  Drone x3  
  66  5:07  Extractor, Drone  
  66  5:08  Extractor, Drone x6  
  66  5:11  Drone  
  66  5:12  Drone  
  73  5:18  Spore Crawler  
  73  5:19  Spore Crawler  
  71  5:22  Spore Crawler  
  71  5:23  Drone x3  
  73  5:49  Overlord x4  
  73  6:13  Glial Reconstitution  
  73  6:15  Hydralisk Den  
  73  6:17  Roach x7  
  73  6:18  Roach x5  
  96  6:45  Hydralisk  
  96  6:46  Muscular Augments, Hydralisk x4  
  106  6:47  Overlord x4  
  106  6:52  Zerg Missile Weapons Level 2  
  106  6:59  Evolution Chamber  
  105  7:10  Roach x7  
  105  7:11  Hydralisk x2  
  123  7:22  Hatchery  
  123  7:25  Drone x4  
  123  7:26  Overlord x2, Hydralisk  
  123  7:27  Hydralisk  
  130  7:34  Zerg Ground Armor Level 1  
  130  7:37  Extractor x2  
  130  7:38  Hydralisk x2  
  130  7:39  Hydralisk x3  
  130  7:41  Overlord  
  130  7:43  Overlord x2  
  138  7:44  Hydralisk x2  
  142  7:55  Hydralisk  
  142  7:56  Hydralisk x4  
  142  7:57  Grooved Spines  
  152  8:16  Hydralisk x10  
  152  8:17  Hydralisk  
  152  8:19  Overlord x2  
  174  8:20  Overlord  
  174  8:38  Hydralisk x3  
  174  8:39  Hydralisk x3  
  186  8:42  Roach x2  
  186  8:43  Roach  
  192  8:50  Hydralisk x2  
  192  8:51  Hydralisk  
  198  8:58  Roach  
  200  9:15  Infestation Pit  
  200  9:16  Extractor, Drone  
  200  9:17  Drone  
  188  9:54  Hydralisk x10  
  188  9:55  Hydralisk x3  
  188  9:59  Hydralisk x9  
  186  10:06  Hydralisk x3  
  192  10:15  Hydralisk x4  
  200  10:43  Overseer x6  
Show
View Real Time Build Order
Export as new Build Order

A.I. 1 (Very Hard) Protoss 

Build Orders: Zealot Archon, Dark Templar Rush 

Get SALT Encoding   

  12  0:00  Probe  
  13  0:13  Probe  
  14  0:19  Pylon  
  14  0:25  Probe  
  15  0:33  Probe  
  15  0:41  Probe  
  16  0:47  Assimilator  
  17  0:50  Gateway  
  17  0:51  Probe  
  18  0:59  Probe  
  18  1:00  Pylon  
  19  1:07  Probe  
  19  1:17  Probe  
  21  1:32  Assimilator  
  21  1:33  Probe  
  22  1:40  Zealot  
  22  1:42  Cybernetics Core  
  22  1:46  Probe  
  25  1:58  Probe, Zealot  
  28  2:10  Probe  
  28  2:15  Pylon  
  29  2:21  Warp Gate  
  29  2:22  Twilight Council  
  29  2:24  Stalker  
  31  2:34  Gateway  
  31  2:44  Probe  
  32  2:56  Probe  
  33  3:00  Gateway  
  33  3:02  Dark Shrine  
  33  3:05  Probe  
  33  3:08  Pylon  
  34  3:13  Probe  
  34  3:15  Zealot  
  37  3:21  Zealot  
  39  3:29  Pylon  
  39  3:30  Probe  
  39  3:54  Probe, Adept  
  42  4:09  Adept  
  44  4:15  Dark Templar  
  44  4:16  Gateway  
  46  4:29  Adept  
  48  4:32  Adept  
  50  4:47  Dark Templar  
  50  4:49  Dark Templar  
  54  5:36  Pylon  
  54  5:44  Archon  
  54  5:47  Robotics Facility  
  54  5:50  Nexus  
  54  5:53  Sentry, Stalker  
  54  5:54  Dark Templar, Stalker  
  62  5:57  Forge  
  62  5:59  Pylon  
  62  6:10  Archon  
  62  6:17  Dark Templar, Stalker  
  66  6:22  Pylon  
  66  6:27  Dark Templar  
  68  6:33  Archon  
  68  6:43  Pylon  
  68  6:50  Dark Templar  
  70  7:03  Probe  
  70  7:04  Probe  
  72  7:10  Assimilator  
  72  7:12  Assimilator  
  72  7:15  Probe, Dark Templar  
  74  7:17  Probe  
  76  7:23  Probe  
  76  7:29  Probe, Archon  
  79  7:30  Observer  
  79  7:31  Probe  
  80  7:41  Probe  
  80  7:42  Probe  
  82  7:44  Dark Templar  
  84  7:53  Probe  
  84  7:54  Probe  
  84  7:57  Dark Templar  
  88  8:01  Stalker  
  90  8:05  Probe, Stalker  
  90  8:06  Probe, Pylon  
  90  8:07  Pylon  
  90  8:11  Archon  
  94  8:17  Probe, Stalker  
  94  8:18  Probe, Stalker  
  100  8:28  Sentry  
  100  8:29  Stalker  
  100  8:30  Pylon  
  104  8:36  Zealot  
  104  8:37  Zealot  
  108  8:50  Zealot  
  108  8:51  Zealot  
  108  8:52  Stalker  
  108  8:54  Pylon  
  114  8:58  Stalker  
  116  9:08  Nexus  
  116  9:10  Zealot  
  116  9:11  Stalker  
  116  9:13  Zealot  
  122  9:19  Pylon  
  122  9:21  Zealot  
  124  9:27  Zealot  
  124  9:30  Zealot  
  128  9:34  Zealot  
  129  9:41  Zealot  
  129  9:44  Zealot  
  133  9:45  Zealot  
  133  9:48  Pylon  
  123  9:54  Zealot  
  88  10:01  Dark Templar x2  
  88  10:06  Sentry  
  58  10:11  Adept  
  58  10:12  Stalker  
  48  10:14  Zealot  
  42  10:25  Dark Templar  
  22  10:29  Adept  
  22  10:30  Dark Templar  
  22  10:31  Sentry, Dark Templar  
  22  10:35  Dark Templar  
  14  10:47  Zealot  
Tags
 
Add a new tag
Caveats
  • Supply blocks, unpowered buildings, or Contaminate may cause inaccurate times.
  • Supply counts are checked every 10 seconds.